 Dungeon Crawl Stone Soup version 0.30.1-11-g7821555f0a (webtiles) character file.

Game seed: 10284241272589687018

954 cowcol the Chopper (level 7, 0/63 HPs)
             Began as a Minotaur Fighter on Jan 7, 2024.
             Slain by an iguana (7 damage)
             ... on level 4 of the Dungeon.
             The game lasted 00:09:50 (3783 turns).

cowcol the Chopper (Minotaur Fighter)               Turns: 3783, Time: 00:09:51

Health: 0/63       AC:  9    Str: 22    XL:     7   Next: 90%
Magic:  6/6        EV:  9    Int:  5    God:
Gold:   231        SH:  4    Dex: 10    Spells: 6/6 levels left

rFire   . . .        a - +1 war axe
rCold   . . .        c - +0 buckler
rNeg    . . .        b - +0 scale mail
rPois   .            (helmet restricted)
rElec   .            n - +0 cloak
rCorr   .            (no gloves)
SInv    .            (no boots)
Will    .....        (no amulet) Stlth
                     (no ring)
HPRegen 0.30/turn    (no ring)
MPRegen 0.10/turn

%: no passive effects
@: lethally poisoned (0 -> -6)
A: horns 2, retaliatory headbutt
a: no special abilities


You were on level 4 of the Dungeon.
You visited 1 branch of the dungeon, and saw 4 of its levels.
You also visited: Sewer.

You collected 231 gold pieces.

Inventory:

Hand Weapons
 a - a +1 war axe (weapon)
Missiles
 m - a poisoned dart (quivered)
Armour
 b - a +0 scale mail (worn)
 c - a +0 buckler (worn)
 n - a +0 cloak (worn)
Jewellery
 d - an amulet of faith
 f - a ring of ice
Scrolls
 g - a scroll of poison
 h - 2 scrolls of fear
 j - a scroll of enchant weapon
 k - 3 scrolls of teleportation
 o - a scroll of immolation
 p - a scroll of magic mapping
 q - a scroll of enchant armour {unknown}
 s - a scroll of blinking
Potions
 e - a potion of curing
 i - a potion of invisibility
 l - a potion of flight {unknown}
 r - a potion of haste {unknown}
 t - a potion of might


   Skills:
 + Level 6.2 Fighting
 + Level 7.6 Axes
 + Level 1.0 Throwing
 + Level 6.9 Armour
 - Level 4.0 Shields


You had 6 spell levels left.
You didn't know any spells.
Your spell library was empty.

Dungeon Overview and Level Annotations

Branches:
Dungeon (4/15)              Sewer (visited)
 Temple: D:4-7

Altars:
Elyvilon
Ru
Vehumet
Yredelemnul
The Shining One


Innate Abilities, Weirdness & Mutations

You have a pair of horns on your head.
You reflexively headbutt those who attack you in melee.


Message History

You feel very sick. The water moccasin closely misses you.
You furiously retaliate!
You headbutt the water moccasin! You closely miss the water moccasin.
Your headbutt misses the water moccasin.
The water moccasin is severely wounded.
You feel very sick. The water moccasin barely misses you.
You furiously retaliate!
You headbutt the water moccasin.
The water moccasin bites you but does no damage.
You barely miss the water moccasin.
The water moccasin is severely wounded.
You feel sick.
The water moccasin bites you but does no damage. x2
You barely miss the water moccasin.
The water moccasin is severely wounded.
You feel sick. The water moccasin barely misses you.
You closely miss the water moccasin.
The water moccasin is severely wounded.
You feel sick. The water moccasin bites you.
You are more poisoned.
The water moccasin poisons you! The water moccasin bites you.
You hit the water moccasin.
The water moccasin is almost dead.
You feel very sick. The water moccasin bites you.
You slash the water moccasin!
You kill the water moccasin!
You feel very sick.
Your Fighting skill increases to level 6!
Unknown command.
You closely miss the iguana. Your headbutt misses the iguana.
You feel very sick. The iguana bites you!
* * * LOW HITPOINT WARNING * * *
You barely miss the iguana.
* * * LOW HITPOINT WARNING * * *
You feel very sick. The iguana bites you!
You die...

####...##.....##....#
...)<...............#
).................<.#
....................#
####...##...[.###...#
#+####.....#######
#........#.[.# .
#........#...# .
#........@...#
##......##l###
#########...#
.l........#
....S.....#
g.........#
.....##+### .....
....


You could see an iguana.

Vanquished Creatures
  Sigmund (D:2)
  A water moccasin (D:4)
  A phantom (D:4)
  2 bullfrogs (Sewer)
  An orc priest (D:4)
  3 hounds
  An iguana (D:4)
  2 orc wizards
  A hound zombie (D:3)
  10 adders
  3 gnolls
  A river rat (D:4)
  An adder zombie (D:3)
  3 worms
  2 dart slugs (D:3)
  12 orcs
  13 ball pythons
  14 endoplasms
  11 giant cockroaches
  4 goblins
  3 hobgoblins
  8 jackals
  13 quokkas
  3 bats (D:2)
  13 frilled lizards
  7 kobolds
  10 rats
144 creatures vanquished.

Notes
Turn   | Place    | Note
-------+----------+-------------------------------------------
     0 | D:1      | cowcol the Minotaur Fighter began the quest for the Orb.
     0 | D:1      | Reached XP level 1. HP: 19/19 MP: 0/0
   192 | D:1      | Reached XP level 2. HP: 27/27 MP: 1/1
   727 | D:2      | Reached XP level 3. HP: 33/33 MP: 2/2
   856 | D:2      | You fall into a shaft and drop 1 floor!
   952 | D:3      | Reached skill level 3 in Axes
   962 | D:3      | Found a basalt altar of Yredelemnul.
  1266 | D:2      | Reached XP level 4. HP: 22/41 MP: 3/3
  1906 | D:2      | Noticed Sigmund
  1915 | D:2      | Killed Sigmund
  1916 | D:2      | Reached skill level 4 in Axes
  1916 | D:2      | Reached skill level 1 in Throwing
  1916 | D:2      | Reached skill level 5 in Armour
  1916 | D:2      | Reached XP level 5. HP: 34/47 MP: 4/4
  2180 | D:2      | Found a faded altar of an unknown god.
  2539 | D:3      | Reached skill level 5 in Fighting
  2539 | D:3      | Reached XP level 6. HP: 47/56 MP: 5/5
  2730 | D:3      | Reached skill level 5 in Axes
  3035 | D:4      | Reached XP level 7. HP: 45/61 MP: 6/6
  3036 | D:4      | Reached skill level 6 in Axes
  3048 | D:4      | Found a sacrificial altar of Ru.
  3048 | D:4      | Found a white marble altar of Elyvilon.
  3104 | D:4      | Found a glowing drain.
  3123 | Sewer    | Entered a sewer
  3513 | Sewer    | Reached skill level 7 in Axes
  3563 | D:4      | Found a radiant altar of Vehumet.
  3731 | D:4      | Found a glowing golden altar of the Shining One.
  3783 | D:4      | Slain by an iguana

Illustrated notes

Levels and vault maps discovered:
D:1:      psy_arrival_spokes, layout_rooms
D:2:      layout_loops_corners, shapermc_ecumenical_altar_pompeii,
          corexii_leaking_fountain, minmay_split_cup_small, uniq_sigmund
D:3:      layout_basic, lemuel_zombie_altar_yredelemnul
D:4:      layout_gridville, kennysheep_little_box, grunt_temple_overflow_open,
          mainiacjoe_overflow_surrounded_room, portal_sewer_entry_a,
          minmay_circle_x

Skill      XL: |  1  2  3  4  5  6  7 |
---------------+----------------------+-----
Fighting       | 4 5 6 |  6.2
Armour         | 4 5 6 |  6.9
Shields        | 4 |  4.0
Axes           | 3 4 5 7 |  7.6
Throwing       | 1 |  1.0

Action                     |  1- 3 |  4- 6 |  7- 9 || total
---------------------------+-------+-------+-------++-------
  Melee: War axe           |    66 |    84 |   123 ||   273
         Headbutt          |     5 |    10 |    18 ||    33
  Throw: Dart              |     8 |     1 |     2 ||    11
    Use: Scroll            |     6 |     2 |     1 ||     9
         Potion            |     1 |     2 |       ||     3
 Armour: Scale mail        |    40 |    41 |    75 ||   156
  Dodge: Dodged            |    44 |    50 |    81 ||   175
  Block: Buckler           |    15 |    18 |    22 ||    55
